 Dungeon Crawl Stone Soup version 0.22-a0-354-g30dfbe6 (webtiles) character file.

347 Amnesiac the Purveyor of Pain (level 6, 0/38 HPs)
             Began as a Deep Elf Necromancer on Apr 16, 2018.
             Was an Initiate of Kikubaaqudgha.
             Slain by an ogre
             ... wielding a +0 giant club
              (23 damage)
             ... on level 4 of the Dungeon.
             The game lasted 00:05:22 (3555 turns).

Amnesiac the Purveyor of Pain (DENe)                Turns: 3555, Time: 00:05:23

Health: 0/38       AC:  4    Str:  5    XL:     6   Next: 32%
Magic:  1/15       EV: 14    Int: 22    God:    Kikubaaqudgha [......]
Gold:   231        SH:  0    Dex: 15    Spells: 4/15 levels left

rFire    . . .     SeeInvis .   s - +1 whip (venom)
rCold    . . .     Gourm    .   (no shield)
rNeg     . . .     Faith    .   a - +0 robe
rPois    .         Spirit   .   (no helmet)
rElec    .         Reflect  .   t - +0 cloak
rCorr    .         Harm     .   (no gloves)
MR       .....                  l - +0 pair of boots
Stlth    ++........             (no amulet)
HPRegen  0.12/turn              (no ring)
MPRegen  0.14/turn              (no ring)

@: no status effects
A: no striking features
a: Renounce Religion


You were on level 4 of the Dungeon.
You worshipped Kikubaaqudgha.
Kikubaaqudgha was noncommittal.
You were not hungry.

You visited 2 branches of the dungeon, and saw 5 of its levels.

You collected 231 gold pieces.

Inventory:

Hand Weapons
 s - a +1 whip of venom (weapon)
 u - a +3 quarterstaff of chaos
Missiles
 k - 37 poisoned needles
Armour
 a - a +0 robe (worn)
 l - a +0 pair of boots (worn)
 t - a +0 cloak (worn)
Jewellery
 h - a cursed -3 ring of evasion {unknown}
Scrolls
 b - a scroll of random uselessness {!r, unknown}
 e - 3 scrolls of teleportation {!r, unknown}
 f - 3 scrolls of remove curse {!r, unknown}
 p - a scroll of immolation {!r, unknown}
 q - a scroll of enchant weapon {!r}
Potions
 d - 2 potions of flight {!q}
 j - 2 potions of curing {!q}
 m - 2 potions of heal wounds {!q}
 r - 2 potions of might {!q}
Comestibles
 c - 7 rations
 g - 2 chunks of flesh


   Skills:
 * Level 3.7 Fighting
 + Level 3.7 Dodging
 - Level 2.4 Stealth
 - Level 5.1 Spellcasting
 + Level 5.4 Necromancy


You had 4 spell levels left.
You knew the following spells:

 Your Spells              Type           Power        Failure   Level  Hunger
a - Pain                  Necr           ####         1%          1    None
b - Animate Dead          Necr           N/A          11%         4    ####...
d - Vampiric Draining     Necr           ####......   3%          3    ##.....
r - Regeneration          Chrm/Necr      ###.......   10%         3    ##.....


Dungeon Overview and Level Annotations

Branches:
Dungeon (4/15)             Temple (1/1) D:4

Altars:
Cheibriados
Elyvilon
Fedhas
Gozag
Hepliaklqana
Kikubaaqudgha
Nemelex Xobeh
Qazlal
Ru
Trog
Vehumet
Wu Jian
Yredelemnul


Message History

You see here a club.
You see here a hand axe.
Some of the chunks of flesh in your inventory have rotted away.
An adder and a hound come into view.
There are monsters nearby!
There are monsters nearby!
There are monsters nearby!
An ogre comes into view. It is wielding a giant club.
The ogre shouts!
The hound barks!
The adder hisses angrily.
The hound pauses to sniff the ground.
The adder misses you. The hound bites you but does no damage.
The adder misses you. The ogre hits you with a giant club!!
Ouch! That really hurt!
* * * LOW HITPOINT WARNING * * *
The hound bites you.
* * * LOW HITPOINT WARNING * * *
The adder bites you.
* * * LOW HITPOINT WARNING * * *
The hound closely misses you. The hound completely misses you.
The adder bites you but does no damage.
Casting: Vampiric Draining (safe; 3% risk of failure)
Confirm with . or Enter, or press ? or * to list all spells.
Aiming: Vampiric Draining (safe; 3% risk of failure)
Press: ? - help, Shift-Dir - straight line, f - adder
Aim: an adder You kill the adder!
Kikubaaqudgha accepts your kill.
You feel life coursing into your body. The hound bites you.
* * * LOW HITPOINT WARNING * * *
Casting: Vampiric Draining (safe; 3% risk of failure)
Confirm with . or Enter, or press ? or * to list all spells.
Aiming: Vampiric Draining (safe; 3% risk of failure)
Press: ? - help, Shift-Dir - straight line, f - hound
Aim: a hound The hound is heavily wounded.
You feel life coursing into your body. The hound barely misses you.
Casting: Vampiric Draining (safe; 3% risk of failure)
Confirm with . or Enter, or press ? or * to list all spells.
Aiming: Vampiric Draining (safe; 3% risk of failure)
Press: ? - help, Shift-Dir - straight line, f/p - hound
Aim: a hound (heavily wounded)
The hound is almost dead.
You feel life coursing into your body. The hound closely misses you.
The hound bites you but does no damage.
Casting: Vampiric Draining (safe; 3% risk of failure)
Confirm with . or Enter, or press ? or * to list all spells.
Aiming: Vampiric Draining (safe; 3% risk of failure)
Press: ? - help, Shift-Dir - straight line, f/p - hound
Aim: a hound (almost dead)
You kill the hound!
Kikubaaqudgha accepts your kill.
You feel life coursing into your body.
Casting: Vampiric Draining (safe; 3% risk of failure)
Confirm with . or Enter, or press ? or * to list all spells.
Aiming: Vampiric Draining (safe; 3% risk of failure)
Press: ? - help, Shift-Dir - straight line, f - ogre
Aim: an ogre, wielding a giant club The ogre is moderately wounded.
You feel life coursing into your body. The ogre hits you with a giant club!!
Ouch! That really hurt!
You die...
Kikubaaqudgha rasps: "You have failed me!
Welcome... death!"

###..............
.................
########..............
###
#...########..........
... #......###
##.######## #.
##........####..# ##
#...........##..# #
#...)........#O.# ##
#....).......@#.##
###.
#.............#..#
###...
#............##..#
##.....
##...........###.#
#...... #...........#
#.# #......
#..........## #.##
##..... ##.........#
#..# ##....#
##.######### ##.#
##....## ###..###..##
#.# ##....##


You could see an ogre.

Vanquished Creatures
  An orc priest (D:3)
  2 hounds (D:4)
  An orc wizard (D:3)
  Crazy Yiuf (D:3)
  9 adders
  An ooze (D:2)
  2 worms
  A dart slug (D:1)
  4 leopard geckos
  6 orcs
  A ball python (D:1)
  10 bats
  8 giant cockroaches
  9 goblins
  8 hobgoblins
  8 jackals
  3 quokkas
  4 frilled lizards
  13 kobolds
  A leopard gecko skeleton (D:4)
  8 rats
  A spectral orc (D:3)
102 creatures vanquished.

Notes
Turn   | Place    | Note
-------+----------+-------------------------------------------
     0 | D:1      | Amnesiac the Deep Elf Necromancer began the quest for the Orb.
     0 | D:1      | Reached XP level 1. HP: 10/10 MP: 6/6
     2 | D:1      | Noticed a merfolk
     4 | D:1      | Noticed an elf
     4 | D:1      | Noticed a dwarf
     6 | D:1      | Noticed a minotaur
     6 | D:1      | Noticed a halfling
     8 | D:1      | Noticed a naga
     8 | D:1      | Noticed a felid
    10 | D:1      | Noticed a spriggan
    12 | D:1      | Noticed a troll
    12 | D:1      | Noticed an octopode
    14 | D:1      | Noticed a human
    14 | D:1      | Noticed a draconian
    16 | D:1      | Noticed a centaur
    16 | D:1      | Noticed a formicid
    18 | D:1      | Noticed an ogre
    18 | D:1      | Noticed a vampire
    20 | D:1      | Noticed a ghoul
    20 | D:1      | Noticed a vine stalker
    22 | D:1      | Noticed a gargoyle
    24 | D:1      | Noticed a tengu
    24 | D:1      | Noticed a demonspawn
    26 | D:1      | Noticed a demigod
   310 | D:1      | Reached skill level 5 in Necromancy
   310 | D:1      | Reached XP level 2. HP: 10/16 MP: 6/8
   314 | D:1      | Reached skill level 1 in Fighting
   956 | D:1      | Reached XP level 3. HP: 11/20 MP: 7/10
   968 | D:1      | Learned a level 3 spell: Vampiric Draining
   972 | D:1      | Learned a level 3 spell: Regeneration
  1221 | D:2      | Found a bloodstained altar of Trog.
  1589 | D:2      | Reached XP level 4. HP: 19/26 MP: 6/12
  2064 | D:2      | Learned a level 4 spell: Animate Dead
  2130 | D:3      | Found a basalt altar of Yredelemnul.
  2161 | D:3      | Reached skill level 5 in Spellcasting
  2280 | D:3      | Reached XP level 5. HP: 25/31 MP: 12/14
  2962 | D:3      | Found a runed door.
  3041 | D:3      | Noticed Crazy Yiuf
  3048 | D:3      | Killed Crazy Yiuf
  3048 | D:3      | Reached XP level 6. HP: 28/37 MP: 12/15
  3147 | D:4      | Found a staircase to the Ecumenical Temple.
  3153 | Temple   | Entered the Ecumenical Temple
  3261 | Temple   | Became a worshipper of Kikubaaqudgha
  3471 | D:4      | Found a white marble altar of Elyvilon.
  3555 | D:4      | Slain by an ogre

Vault maps used:
D:1:      kb_arrival_jail
D:2:      old_standard_altar, serial_forest, infiniplex_forest_lined_room_2,
          infiniplex_forest_clump_double, infiniplex_forest_clump_small,
          infiniplex_forest_clump_tiny, infiniplex_forest_clump_diagonal
D:3:      yredelemnul_forgotten_temple_becter, portal_sewer_entry_f,
          uniq_crazy_yiuf_cottage
D:4:      marbit_many_paths, temple_fountains, first_ration
Temple:   dpeg_chambers_temple

Skill      XL: |  1  2  3  4  5 |
---------------+----------------+-----
Necromancy     | 5 |  5.4
Fighting       | 1 2 3 |  3.7
Spellcasting   | 4 5 |  5.1
Dodging        | 3 |  3.7
Stealth        | |  2.4

Action                   |  1- 3 |  4- 6 || total
-------------------------+-------+-------++-------
Melee: Unarmed           |     2 |       ||     2
       Quarterstaff      |       |    23 ||    23
       Whip              |       |    62 ||    62
 Cast: Pain              |    77 |    63 ||   140
       Regeneration      |     1 |       ||     1
       Vampiric Draining |       |    15 ||    15
  Use: Scroll            |       |     5 ||     5
 Stab: Sleeping          |       |     1 ||     1
  Eat: Chunk             |     2 |     7 ||     9
Armor: Robe              |       |    31 ||    31
Dodge: Dodged            |    12 |   106 ||   118

Table legend:
 A = Spawn XP
 B = Non-spawn XP
 C = Spawn XP percentage of total XP
 D = Spawn monster count
 E = Non-spawn monster count
 F = Spawn count percentage of total count
 G = Total turns spent on level
                    A         B        C        D         E        F      G
               +---------+---------+-------+---------+---------+-------+---------
         Total |       0 |     496 |   0.0 |       0 |     102 |   0.0 |  3555
               +---------+---------+-------+---------+---------+-------+---------
           D:1 |       0 |      51 |   0.0 |       0 |      29 |   0.0 |  1220
           D:2 |       0 |     104 |   0.0 |       0 |      30 |   0.0 |   873
           D:3 |       0 |     233 |   0.0 |       0 |      35 |   0.0 |  1047
           D:4 |       0 |     108 |   0.0 |       0 |       8 |   0.0 |   298
               +---------+---------+-------+---------+---------+-------+---------
